 Dungeon Crawl Stone Soup version 0.27-a0-1188-g73eefd5def (webtiles) character file.

Game seed: 7252872088892323451

26 mordus the Chopper (level 2, -1/26 HPs)
             Began as a Minotaur Berserker on May 20, 2021.
             Was a Follower of Trog.
             Succumbed to a kobold's poison
             ... on level 1 of the Dungeon on May 21, 2021.
             The game lasted 00:03:13 (1127 turns).

mordus the Chopper (Minotaur Berserker)             Turns: 1127, Time: 00:03:14

Health: -1/26      AC:  2    Str: 21    XL:     2   Next: 89%
Magic:  1/1        EV: 12    Int:  4    God:    Trog [*.....]
Gold:   27         SH:  0    Dex:  9    Spells: 1/1 levels left

rFire    . . .     SeeInvis .   a - +0 hand axe
rCold    . . .     Faith    .   (no shield)
rNeg     . . .     Spirit   .   b - +0 animal skin
rPois    .         Reflect  .   (helmet restricted)
rElec    .         Harm     .   (no cloak)
rCorr    .         Rampage  .   (no gloves)
Will     .....                  (no boots)
Stlth    +.........             (no amulet)
HPRegen  0.08/turn              (no ring)
MPRegen  0.07/turn              (no ring)

@: lethally poisoned (-1 -> -20)
A: horns 2, retaliatory headbutt
a: Renounce Religion, Berserk


You were on level 1 of the Dungeon.
You worshipped Trog.
Trog was aware of your devotion.
You visited 1 branch of the dungeon, and saw 1 of its levels.

You collected 27 gold pieces.

Inventory:

Hand Weapons
 a - a +0 hand axe (weapon)
Armour
 b - a +0 animal skin (worn)
Scrolls
 c - a scroll of identify {unknown}
 d - a scroll of noise {unknown}
 h - a scroll of immolation {unknown}
Potions
 e - a potion of curing {unknown}
 f - a potion of degeneration {unknown}
 g - a potion of heal wounds {unknown}
 i - a potion of magic {unknown}


   Skills:
 - Level 3.6 Fighting
 * Level 4.6 Axes
 + Level 3.1 Armour
 - Level 2.1 Dodging


You had one spell level left.
You didn't know any spells.
Your spell library was empty.

Dungeon Overview and Level Annotations

Branches:
Dungeon (1/15)

Altars:


Innate Abilities, Weirdness & Mutations

You have a pair of horns on your head.
You reflexively headbutt those who attack you in melee.


Message History

You headbutt the dart slug, but do no damage.
The dart slug is severely wounded.
The dart slug closely misses you.
You hit the dart slug.
You kill the dart slug!
Trog accepts your kill.
You open the door.
There is an open door here.
As you open the door, it creaks loudly!
There is an open door here.
i - a bubbling pink potion
Found a stone staircase leading down.
There is a stone staircase leading down here.
You open the door.
There is an open door here.
There is an open door here.
You open the door.
There is an open door here.
There is an open door here.
You open the door.
There is an open door here.
A quokka comes into view.
A quokka is nearby!
A kobold comes into view.
It is wielding a +1 short sword of venom.
The kobold shouts!
The kobold hits you with a +1 short sword of venom.
You are poisoned.
You closely miss the kobold. Your headbutt misses the kobold.
You feel very sick. The kobold closely misses you.
You closely miss the kobold.
You feel sick.
The kobold hits you with a +1 short sword of venom.
You hit the quokka.
The quokka is almost dead.
You miss the kobold.
You feel sick. The quokka bites you.
The kobold hits you with a +1 short sword of venom.
* * * LOW HITPOINT WARNING * * *
You are more poisoned.
The quokka bites you but does no damage.
You die...

.....###........##.#######.......
##.### #........##....####...###'
...# ##############'#....#.##..
#### #####....#....##..
#...'....#.....#..
#.###....#...#.#.. . #.#
#....#...#.##' ... #.#
####.#...#.##. ####### #....##@#
###...#..#. ......# #.......#
#...##.#. ......# #......rK...#
#...##... ......#
#.............##...###.. ......#
#...........#.# +...> ......#
#....##+##### ##### ......# #....
......# #.... ......# #...


You could see a quokka and a kobold.

Vanquished Creatures
  2 dart slugs (D:1)
  4 endoplasms (D:1)
  A giant cockroach (D:1)
  2 hobgoblins (D:1)
  2 kobolds (D:1)
  2 ball pythons (D:1)
  A bat (D:1)
  5 frilled lizards (D:1)
  5 rats (D:1)
24 creatures vanquished.

Notes
Turn   | Place    | Note
-------+----------+-------------------------------------------
     0 | D:1      | mordus the Minotaur Berserker began the quest for the Orb.
     0 | D:1      | Reached XP level 1. HP: 19/19 MP: 0/0
   369 | D:1      | Reached skill level 4 in Axes
   401 | D:1      | Reached XP level 2. HP: 26/26 MP: 1/1
   603 | D:1      | Found a faded altar of an unknown god.
  1127 | D:1      | Succumbed to a kobold's poison

Illustrated notes

Levels and vault maps discovered:
D:1:      eino_arrival_cavern_a, layout_basic,
          hellmonk_ecumenical_altar_inner_sanctum, serial_shops,
          nicolae_shop_statue_plus

Skill      XL: |  1  2 |
---------------+-------+-----
Axes           | 4 |  4.6
Armour         | 3 |  3.1
Fighting       | |  3.6
Dodging        | |  2.1

Action                   || total
-------------------------++-------
Melee: Hand axe          ||    45
       Headbutt          ||     4
Armor: Animal skin       ||     5
Dodge: Dodged            ||    23

Table legend: (Time is in decaauts)
 A = Elapsed time spent in this place.
 B = Non-inter-level travel time spent in this place.
 C = Inter-level travel time spent in this place.
 D = Time resting spent in this place.
 E = Time spent auto-exploring this place.
 F = Levels seen in this place.
 G = Mean time per level.
                   A        B        C        D        E       F      G
               +--------+--------+--------+--------+--------+-----+--------+
         Total |   1131 |   1131 |      0 |     90 |    919 |   1 | 1131.0 |
       Dungeon |   1131 |   1131 |      0 |     90 |    919 |   1 | 1131.0 |
               +--------+--------+--------+--------+--------+-----+--------+

Top non-repeatable levels by time:
     D:1: 1131 daAuts
